[Event "December 5 Late 2023"]
[Site "https://www.chess.com"]
[Date "2023.12.05"]
[Round "8"]
[White "Hambleton, Aman"]
[Black "Maksimovic, Bojan"]
[Result "0-1"]
[Board "19"]
[TimeControl "180+1"]
[WhiteFideId "2606577"]
[BlackFideId "14408120"]
[WhiteElo "2709"]
[BlackElo "2918"]
[WhiteTeam "CAN"]
[BlackTeam "BIH"]
[WhiteClock "0:00:00"]
[BlackClock "0:00:10"]

1. e4 a6 2. g3 d5 3. Bg2 dxe4 4. Nc3 Nf6 5. Nxe4 Nbd7 6. Nc3 e6 7. d4 c5 8. d5 exd5 9. Nxd5 Nxd5 10. Qxd5 Qe7+ 11. Be3 Qe5 12. O-O-O Qxd5 13. Rxd5 Be7 14. Ne2 O-O 15. Rhd1 Nf6 16. Re5 Be6 17. Bxc5 Rae8 18. Bxe7 Rxe7 19. h3 Rc7 20. b3 Rfc8 21. Nd4 Bd7 22. Kb2 Kf8 23. Rd2 h6 24. c4 b6 25. g4 Ne8 26. Nc2 b5 27. cxb5 Bxb5 28. Ne3 Rc1 29. h4 Rg1 30. h5 f6 31. Red5 Rcc1 32. a4 Bc6 33. Bf3 Bxd5 34. Bxd5 Rb1+ 35. Ka3 a5 36. Be4 Rbc1 37. Nc4 Ra1+ 38. Kb2 Rae1 39. f3 Ref1 40. Nxa5 f5 41. Bxf5 Rxf3 42. Nc4 Rgg3 43. Na5 Nf6 44. b4 Nxg4 45. b5 Ne3 46. Be6 Ke7 47. b6 Kxe6 48. b7 Rf8 49. Ka2 Nd5 50. Rb2 Nc3+ 51. Kb3 Nd5+ 52. Kc4 Ne3+ 53. Kc5 Rg5+ 54. Kb6 Nd5+ 55. Ka7 Nc3 56. Nc6 Kd6 57. b8=Q+ Rxb8 58. Nxb8 Ra5+ 59. Kb6 Rxa4 60. Rd2+ Nd5+ 61. Kb5 Rb4+ 62. Ka5 Rxb8 63. Rf2 Kc5 64. Rc2+ Kd4 65. Rg2 Rb7 66. Ka6 Rc7 67. Kb5 Ke5 68. Rg1 Nf4 69. Kb6 Re7 70. Kc6 Nxh5 71. Re1+ Kf6 72. Rh1 Nf4 73. Kd6 Re6+ 74. Kc5 Re2 75. Kd4 Kf5 76. Rg1 Re4+ 77. Kc5 g5 78. Rh1 h5 79. Ra1 h4 80. Ra8 h3 81. Rf8+ Kg4 82. Rh8 Kg3 83. Rg8 g4 84. Kd6 h2 85. Kc5 Kg2 86. Rxg4+ Kh3 87. Rg6 Nxg6 88. Kd5 Rf4 0-1

[Event "December 5 Late 2023"]
[Site "https://www.chess.com"]
[Date "2023.12.05"]
[Round "8"]
[White "Apoorv Kamble"]
[Black "Melkumyan, Hrant"]
[Result "1-0"]
[Board "20"]
[TimeControl "180+1"]
[WhiteFideId "25683012"]
[BlackFideId "13302485"]
[WhiteElo "2666"]
[BlackElo "2910"]
[WhiteTeam "IND"]
[BlackTeam "ARM"]
[WhiteClock "0:02:22"]
[BlackClock "0:01:13"]

1. e4 c6 2. d4 d5 3. Nd2 dxe4 4. Nxe4 Nf6 5. Nxf6+ exf6 6. c3 Bd6 7. Bd3 Na6 8. Ne2 Nc7 9. O-O Ne6 10. Ng3 O-O 11. f4 Re8 12. f5 Nc7 13. Nh5 Bf8 14. Qg4 Nd5 15. Nxg7 Kh8 16. Nxe8 Qxe8 17. Bd2 b5 18. Rae1 Qd7 19. Rf3 1-0

[Event "December 5 Late 2023"]
[Site "https://www.chess.com"]
[Date "2023.12.05"]
[Round "8"]
[White "Demchenko, Anton"]
[Black "Ambartsumova, Karina"]
[Result "1-0"]
[Board "21"]
[TimeControl "180+1"]
[WhiteFideId "4160258"]
[BlackFideId "4166299"]
[WhiteElo "2891"]
[BlackElo "2664"]
[WhiteTeam "SLO"]
[BlackTeam "RUS"]
[WhiteClock "0:00:09"]
[BlackClock "0:00:02"]

1. e4 e5 2. Nf3 Nc6 3. Bc4 Bc5 4. d3 Nf6 5. Bg5 h6 6. Bh4 Be7 7. Bg3 d6 8. a4 Be6 9. Bxe6 fxe6 10. c3 O-O 11. Nbd2 Qe8 12. Qb3 Qd7 13. a5 a6 14. O-O Nh5 15. h3 Nf4 16. Bxf4 exf4 17. d4 Kh7 18. d5 exd5 19. exd5 Ne5 20. Nxe5 dxe5 21. Rfe1 Bd6 22. Nf3 Qf5 23. Qc4 Rae8 24. Qe4 Qxe4 25. Rxe4 Kg6 26. Rae1 Kf6 27. b4 Re7 28. Nd2 Kf5 29. R4e2 g5 30. Ne4 h5 31. Rb2 g4 32. h4 Rd7 33. c4 Be7 34. g3 c6 35. dxc6 bxc6 36. b5 cxb5 37. cxb5 axb5 38. Rxb5 Rfd8 39. Nc3 Bf6 40. gxf4 Kxf4 41. a6 Rd3 42. Rc5 Bxh4 43. Kg2 Rd2 44. Re4+ Kf5 45. Rcxe5+ Kf6 46. Re6+ Kg7 47. Re2 Rxe2 48. Nxe2 Ra8 49. Rc6 Bg5 50. Nd4 Bf6 51. Ne6+ Kf7 52. Nc7 Ra7 53. Rb6 Ke7 54. Nb5 Ra8 55. Rb7+ Kd8 56. a7 Kc8 57. Rf7 Bd8 58. Nd6# 1-0

[Event "December 5 Late 2023"]
[Site "https://www.chess.com"]
[Date "2023.12.05"]
[Round "8"]
[White "Sturt, Raven"]
[Black "Ashraf, Artin"]
[Result "0-1"]
[Board "22"]
[TimeControl "180+1"]
[WhiteFideId "2007304"]
[BlackFideId "22514805"]
[WhiteElo "2659"]
[BlackElo "2888"]
[WhiteTeam "USA"]
[BlackTeam "IRI"]
[WhiteClock "0:00:00"]
[BlackClock "0:01:06"]

1. f4 f5 2. Nf3 Nf6 3. g3 g6 4. Bg2 Bg7 5. O-O O-O 6. d3 d6 7. Nc3 Nc6 8. e4 e5 9. fxe5 dxe5 10. exf5 gxf5 11. Nh4 Nd4 12. Bg5 h6 13. Be3 Ng4 14. Bd2 Be6 15. h3 Nf6 16. Ng6 Re8 17. Nxe5 Nxc2 18. Qxc2 Qd4+ 19. Kh1 Qxe5 20. Rae1 Qxg3 21. Bf4 Qg6 22. Rg1 Qf7 23. Bxb7 Kh7 24. Bxa8 Rxa8 25. Qg2 Rg8 26. Rxe6 Qxe6 27. Qg6+ Kh8 28. Bxh6 Bf8 29. Qxg8+ Nxg8 30. Bxf8 Qe3 31. Kh2 Qxd3 32. Bg7+ Kh7 33. Be5 Qe3 34. Bg7 Ne7 35. Bf6 Ng6 36. Rg2 Nf4 37. Rg5 Qf2+ 38. Kh1 Qf3+ 39. Kh2 Qxh3+ 40. Kg1 Qf3 41. Rg7+ Kh6 42. Rg8 Ng6 43. Rc8 Qg4+ 44. Kf1 Qc4+ 45. Kg1 Qc5+ 46. Kf1 Qc4+ 47. Kg1 Qe6 0-1

[Event "December 5 Late 2023"]
[Site "https://www.chess.com"]
[Date "2023.12.05"]
[Round "8"]
[White "Alexandre, Anne Shopie Elizabeth"]
[Black "Cieslak, Patryk"]
[Result "0-1"]
[Board "23"]
[TimeControl "180+1"]
[WhiteFideId "11902418"]
[BlackFideId "21078882"]
[WhiteElo "2873"]
[BlackElo "2654"]
[WhiteTeam "HAI"]
[BlackTeam "POL"]
[WhiteClock "0:00:33"]
[BlackClock "0:00:37"]

1. e4 c5 2. Nf3 d6 3. d4 cxd4 4. Nxd4 Nf6 5. Nc3 Nc6 6. Bg5 e6 7. Qd2 a6 8. O-O-O Bd7 9. Kb1 Be7 10. f3 Nxd4 11. Qxd4 b5 12. Be3 Qc7 13. g4 O-O 14. Qd2 Rfc8 15. g5 Ne8 16. h4 b4 17. Ne2 a5 18. Nd4 Qb7 19. h5 Nc7 20. g6 Nb5 21. Bxb5 Bxb5 22. h6 fxg6 23. Nxe6 Bc4 24. Nxg7 Bf6 25. Bd4 Bxd4 26. Qxd4 a4 27. Rc1 Qf7 28. b3 axb3 29. cxb3 Bxb3 30. Rxc8+ Rxc8 31. Rh2 Qc7 32. Qb2 Bc4 33. Rd2 Qc5 34. Qd4 Bd3+ 0-1

[Event "December 5 Late 2023"]
[Site "https://www.chess.com"]
[Date "2023.12.05"]
[Round "8"]
[White "Gokerkan, Cem Kaan"]
[Black "Seemann, Jakub"]
[Result "1-0"]
[Board "24"]
[TimeControl "180+1"]
[WhiteFideId "6336760"]
[BlackFideId "21874697"]
[WhiteElo "2871"]
[BlackElo "2643"]
[WhiteTeam "TUR"]
[BlackTeam "POL"]
[WhiteClock "0:02:00"]
[BlackClock "0:00:28"]

1. e4 c6 2. d4 d5 3. e5 Bf5 4. h4 h5 5. c4 e6 6. Nc3 dxc4 7. Bxc4 Nd7 8. Nge2 Be7 9. Ng3 Bg6 10. Nge2 Bf5 11. g3 Nh6 12. Bxh6 Rxh6 13. Bd3 Bxd3 14. Qxd3 Qb6 15. Qc2 c5 16. dxc5 Nxc5 17. O-O Rg6 18. Rad1 Kf8 19. Nf4 Rg4 20. Qh7 Bxh4 21. Qh8+ Ke7 22. Ncd5+ exd5 23. Nxd5+ Ke6 24. Qxh5 1-0

[Event "December 5 Late 2023"]
[Site "https://www.chess.com"]
[Date "2023.12.05"]
[Round "8"]
[White "Kazakouski, Valery"]
[Black "Erdogan, Anil Berk"]
[Result "1-0"]
[Board "25"]
[TimeControl "180+1"]
[WhiteFideId "13507443"]
[BlackFideId "6348173"]
[WhiteElo "2850"]
[BlackElo "2598"]
[WhiteTeam "LTU"]
[BlackTeam "TUR"]
[WhiteClock "0:01:36"]
[BlackClock "0:01:15"]

1. e4 c5 2. Nc3 g6 3. g3 Nc6 4. Bg2 Bg7 5. d3 e6 6. Be3 b6 7. Nge2 Nge7 8. d4 cxd4 9. Nxd4 Nxd4 10. Bxd4 O-O 11. Bxg7 Kxg7 12. e5 Rb8 13. O-O Bb7 14. Bxb7 Rxb7 15. Ne4 Rc7 16. c3 Rc4 17. Qe2 Rc6 18. Rad1 Nf5 19. Rd2 Qe7 20. Rfd1 Rd8 21. c4 d6 22. exd6 Nxd6 23. Nxd6 Rcxd6 24. Rxd6 Qxd6 25. Rxd6 1-0

[Event "December 5 Late 2023"]
[Site "https://www.chess.com"]
[Date "2023.12.05"]
[Round "8"]
[White "Prithu Gupta"]
[Black "Shuvalova, Polina"]
[Result "1/2-1/2"]
[Board "26"]
[TimeControl "180+1"]
[WhiteFideId "46618546"]
[BlackFideId "24171760"]
[WhiteElo "2561"]
[BlackElo "2842"]
[WhiteTeam "IND"]
[BlackTeam "RUS"]
[WhiteClock "0:00:11"]
[BlackClock "0:00:22"]

1. d4 Nf6 2. c4 e6 3. Nf3 d5 4. Bg5 Be7 5. e3 O-O 6. Nc3 h6 7. Bh4 Nbd7 8. cxd5 Nxd5 9. Bxe7 Qxe7 10. Bd3 Nxc3 11. bxc3 c5 12. O-O b6 13. a4 Bb7 14. a5 Rac8 15. axb6 axb6 16. Ra7 Rc7 17. Qa1 Rfc8 18. e4 Nf6 19. Re1 cxd4 20. cxd4 Bc6 21. Rxc7 Qxc7 22. Rc1 Qd8 23. Ne5 Bxe4 24. Bxe4 Nxe4 25. Nc6 Rxc6 26. Rxc6 Nf6 27. Qb1 Nd5 28. Qc2 Ne7 29. Rc4 g6 30. h3 Kg7 31. Rc7 Nf5 32. Rb7 Qxd4 33. Qc7 Nd6 34. Rxb6 Ne4 35. Rxe6 Qxf2+ 36. Kh2 Ng5 37. Qe5+ Kh7 38. Rf6 Qa7 39. h4 Ne6 40. Qd6 Kg7 41. Rxe6 fxe6 42. Qxe6 Qc7+ 43. g3 h5 44. Qe3 Qd7 45. Kg2 Qd5+ 46. Qf3 Qd4 47. Qf4 Qxf4 48. gxf4 Kf6 49. Kg3 Ke6 50. Kf2 Kd5 51. Ke3 Kd6 52. Kf3 Ke6 53. Ke3 Kf6 54. Ke4 Ke6 55. Ke3 Kd5 56. Kf3 Kd6 57. Ke3 Ke6 58. Ke4 Kf6 59. Ke3 Kf5 60. Kf3 Ke6 61. Ke4 Ke7 62. Ke5 Kf7 63. f5 gxf5 64. Kxf5 Kg7 65. Kg5 Kh7 66. Kxh5 Kg7 67. Kg5 Kh7 68. h5 Kh8 69. h6 Kg8 70. Kg4 Kh8 71. Kg3 Kg8 72. Kg2 Kh7 73. Kg1 Kxh6 1/2-1/2

[Event "December 5 Late 2023"]
[Site "https://www.chess.com"]
[Date "2023.12.05"]
[Round "8"]
[White "Rustemov, Alexander"]
[Black "Kopczynski, Michal"]
[Result "1-0"]
[Board "27"]
[TimeControl "180+1"]
[WhiteFideId "4119002"]
[BlackFideId "1124200"]
[WhiteElo "2836"]
[BlackElo "2557"]
[WhiteTeam "RUS"]
[BlackTeam "POL"]
[WhiteClock "0:01:08"]
[BlackClock "0:00:01"]

1. d4 Nf6 2. c4 g6 3. Nf3 Bg7 4. g3 d6 5. Bg2 O-O 6. Nc3 Nfd7 7. O-O Nc6 8. h3 e5 9. Bg5 f6 10. Be3 f5 11. Bg5 Bf6 12. Bxf6 Nxf6 13. dxe5 Nxe5 14. b3 Nf7 15. Qd2 Qe7 16. Nd5 Nxd5 17. cxd5 Bd7 18. Rac1 Rac8 19. Rc4 Rfe8 20. Nd4 c5 21. dxc6 bxc6 22. Nxc6 Qxe2 23. Rd1 Bxc6 24. Bxc6 Qxd2 25. Rxd2 Re1+ 26. Kg2 Kg7 27. Bd5 Rxc4 28. Bxc4 Ra1 29. f4 g5 30. Bxf7 Kxf7 31. fxg5 Ke6 32. h4 Ke5 33. Kf3 Rf1+ 34. Rf2 Ra1 35. Re2+ Kd4 36. Re7 Rxa2 37. Rxh7 Ra3 38. g6 Rxb3+ 39. Kf4 Rb8 40. Rxa7 d5 41. h5 Kc3 42. Rc7+ Kd3 43. Rd7 d4 44. h6 Kc3 45. g7 d3 46. h7 d2 47. g8=Q 1-0

[Event "December 5 Late 2023"]
[Site "https://www.chess.com"]
[Date "2023.12.05"]
[Round "8"]
[White "Yuan, Qingyu"]
[Black "Dmitrenko, Viktor"]
[Result "0-1"]
[Board "28"]
[TimeControl "180+1"]
[WhiteFideId "8609772"]
[BlackFideId "14110270"]
[WhiteElo "2820"]
[BlackElo "2453"]
[WhiteTeam "CHN"]
[BlackTeam "UKR"]
[WhiteClock "0:00:00"]
[BlackClock "0:00:28"]

1. e4 e6 2. d4 d5 3. Nd2 Nf6 4. e5 Nfd7 5. c3 c5 6. f4 Nc6 7. Ndf3 cxd4 8. cxd4 f5 9. Bd3 Be7 10. Ne2 Nb6 11. O-O O-O 12. Kh1 Bd7 13. a3 a5 14. b3 a4 15. b4 Na7 16. Nc3 Rc8 17. Qe1 Qe8 18. Rg1 Nb5 19. Ne2 Na7 20. Nc3 Nb5 21. Ne2 Na7 22. Be3 Bb5 23. Qd1 Bxd3 24. Qxd3 Qb5 25. Qd1 Qc4 26. Qd2 Qc2 27. Rgc1 Qxd2 28. Nxd2 Nb5 29. Kg1 Rxc1+ 30. Nxc1 Rc8 31. Ne2 Rc2 32. Kf1 Nc4 33. Nxc4 dxc4 34. Ke1 Rb2 35. Kd1 Rb3 36. Bc1 Rd3+ 37. Kc2 Nxd4+ 38. Nxd4 Rxd4 39. Kc3 Re4 40. Bd2 b5 41. Re1 Rxe1 42. Bxe1 Kf7 43. Bf2 Ke8 44. h4 Kd7 45. g3 Kc6 46. Kd2 Kd5 47. Bb6 Ke4 48. Ke2 Bxb4 49. axb4 a3 50. Bd4 Kxd4 51. g4 g6 0-1

[Event "December 5 Late 2023"]
[Site "https://www.chess.com"]
[Date "2023.12.05"]
[Round "8"]
[White "Amburgy, Ryan"]
[Black "Kamsky, Gata"]
[Result "0-1"]
[Board "29"]
[TimeControl "180+1"]
[WhiteFideId "30924820"]
[BlackFideId "2000024"]
[WhiteElo "2675"]
[BlackElo "2919"]
[WhiteTeam "USA"]
[BlackTeam "USA"]
[WhiteClock "0:00:00"]
[BlackClock "0:00:08"]

1. d4 Nf6 2. Nc3 d5 3. Bf4 Bf5 4. e3 a6 5. Nf3 e6 6. Ne5 h5 7. Bd3 Nbd7 8. a3 Bd6 9. Qf3 Bg4 10. Nxg4 hxg4 11. Qg3 Qe7 12. O-O-O g6 13. Bxd6 Qxd6 14. e4 Qxg3 15. hxg3 Ke7 16. e5 Nh5 17. Na2 c5 18. c3 Rac8 19. Kd2 Ng7 20. Nc1 f6 21. exf6+ Kxf6 22. Rh4 Rxh4 23. gxh4 e5 24. dxe5+ Nxe5 25. Ne2 Ne6 26. b4 d4 27. cxd4 cxd4 28. Ng3 Nxd3 29. Kxd3 Rc3+ 30. Kd2 Rxa3 31. Re1 Ra2+ 32. Kd3 Nf4+ 33. Kxd4 Nxg2 34. Re8 Nxh4 35. Rb8 Nf5+ 36. Kc5 b5 37. Ne4+ Ke5 38. Re8+ Kf4 39. Nf6 Rxf2 40. Nd5+ Kf3 41. Nc7 g3 42. Re6 g5 43. Rg6 Kg4 44. Ne6 Nh4 45. Rxg5+ Kh3 46. Nc7 g2 47. Nxa6 Rf5+ 48. Rxf5 g1=Q+ 49. Kxb5 Nxf5 50. Nc5 Nd4+ 51. Kc4 Nc6 52. b5 Na5+ 53. Kb4 Qd4+ 54. Kxa5 Qxc5 55. Ka6 Qc4 56. Ka5 Kg4 57. b6 Qc8 58. Kb5 Kf5 59. Ka5 Ke5 0-1

[Event "December 5 Late 2023"]
[Site "https://www.chess.com"]
[Date "2023.12.05"]
[Round "8"]
[White "Pakleza, Zbigniew"]
[Black "Bardyk, Artem"]
[Result "1/2-1/2"]
[Board "30"]
[TimeControl "180+1"]
[WhiteFideId "1119290"]
[BlackFideId "34349979"]
[WhiteElo "2666"]
[BlackElo "2854"]
[WhiteTeam "POL"]
[BlackTeam "RUS"]
[WhiteClock "0:00:09"]
[BlackClock "0:00:05"]

1. d4 d5 2. Nf3 Nf6 3. Bf4 Bf5 4. e3 e6 5. Bd3 Bxd3 6. Qxd3 c6 7. O-O Nbd7 8. Nbd2 Be7 9. e4 dxe4 10. Nxe4 O-O 11. Rfd1 Nxe4 12. Qxe4 Qa5 13. h3 Rfd8 14. c3 Nf6 15. Qe2 Qf5 16. Bh2 Bd6 17. Be5 Bxe5 18. Qxe5 Qxe5 19. Nxe5 Rd5 20. Kf1 Rad8 21. Ke2 c5 22. Nf3 Ne4 23. c4 R5d6 24. dxc5 Nxc5 25. b3 Nd3 26. g3 e5 27. Ke3 f5 28. Ne1 Nxe1 29. Rxd6 Ng2+ 30. Kf3 Nh4+ 31. gxh4 Rxd6 32. Re1 e4+ 33. Kf4 g6 34. h5 Kf7 35. hxg6+ hxg6 36. f3 exf3 37. Kxf3 Rd3+ 38. Kg2 Rd2+ 39. Kg3 Rxa2 40. Rd1 Ke6 41. Re1+ Kf6 42. Rd1 Rb2 43. Rd3 g5 44. h4 gxh4+ 45. Kxh4 Rg2 46. Kh3 Rg7 47. c5 Ke5 48. b4 f4 49. b5 Ke4 50. Rd1 f3 51. c6 bxc6 52. bxc6 Ke3 53. Rc1 f2 54. Kh2 a5 55. Ra1 a4 56. Ra3+ Ke2 57. Ra2+ Ke1 58. Ra1+ Kd2 59. Ra2+ Kc3 60. Rxf2 a3 61. Rf3+ Kb4 62. Rf4+ Kb5 63. Rf5+ Kb4 64. Rf4+ Kb5 65. Rf5+ Kxc6 66. Ra5 Rh7+ 67. Kg2 Kb6 68. Rxa3 Rg7+ 69. Rg3 Ra7 70. Kh3 Rh7+ 71. Kg2 Rb7 72. Rb3+ Kc7 73. Rxb7+ Kxb7 1/2-1/2

[Event "December 5 Late 2023"]
[Site "https://www.chess.com"]
[Date "2023.12.05"]
[Round "8"]
[White "Galaktionov, Artem"]
[Black "Zavgorodniy, Sergiy"]
[Result "0-1"]
[Board "31"]
[TimeControl "180+1"]
[WhiteFideId "24175471"]
[BlackFideId "14110148"]
[WhiteElo "2843"]
[BlackElo "2656"]
[WhiteTeam "RUS"]
[BlackTeam "UKR"]
[WhiteClock "0:00:00"]
[BlackClock "0:00:04"]

1. d4 d5 2. Nf3 Nf6 3. c4 dxc4 4. e3 e6 5. Bxc4 a6 6. O-O b5 7. Be2 Bb7 8. a4 b4 9. Nbd2 Nbd7 10. Nc4 c5 11. b3 Be7 12. Bb2 O-O 13. Rc1 cxd4 14. Nxd4 Nc5 15. Bf3 Nd5 16. Qe2 Rc8 17. Rfd1 Qc7 18. g3 Rfd8 19. e4 Nc3 20. Bxc3 bxc3 21. Rxc3 e5 22. Nf5 Bf8 23. Rdc1 a5 24. Nce3 Ba6 25. Qb2 Qb8 26. Qa2 Nxb3 27. Rxc8 Rxc8 28. Rb1 Rc1+ 29. Rxc1 Nxc1 30. Qc2 Nd3 31. Qc6 Qb1+ 32. Bd1 Bb7 33. Qe8 Qb4 34. Nc2 Qc5 35. Nfe3 Bxe4 36. Be2 h5 37. Bxh5 g6 38. Be2 Qc3 39. h4 Qd2 40. Bxd3 Bxd3 41. Qxe5 Bxc2 42. Nxc2 Qxc2 43. Qxa5 Qc1+ 44. Kg2 Bc5 45. Qa8+ Kg7 46. Qd5 Qc2 47. Qf3 Qxa4 48. h5 gxh5 49. Qxh5 Be7 50. Qf5 Qd4 51. f4 Bf6 52. Kh3 Qd6 53. Qg4+ Kf8 54. Qc8+ Qd8 55. Qc5+ Be7 56. Qe5 Qd7+ 57. g4 Qd3+ 58. Kg2 Qc2+ 59. Kf3 Qd3+ 60. Kg2 f6 61. Qb8+ Kf7 62. f5 Qe4+ 63. Kg3 Qd3+ 64. Kh4 Qe3 0-1

[Event "December 5 Late 2023"]
[Site "https://www.chess.com"]
[Date "2023.12.05"]
[Round "8"]
[White "Mekhitarian, Krikor Sevag"]
[Black "Martins, Vinicius Tine"]
[Result "1/2-1/2"]
[Board "32"]
[TimeControl "180+1"]
[WhiteFideId "2107660"]
[BlackFideId "2112884"]
[WhiteElo "2832"]
[BlackElo "2636"]
[WhiteTeam "BRA"]
[BlackTeam "BRA"]
[WhiteClock "0:00:02"]
[BlackClock "0:00:16"]

1. Nf3 d6 2. d4 Nf6 3. c4 g6 4. Nc3 Bg7 5. e4 Nbd7 6. h3 c5 7. Be3 cxd4 8. Bxd4 O-O 9. Bd3 Nh5 10. Bxg7 Kxg7 11. O-O Qa5 12. Rb1 Nf4 13. b4 Qh5 14. Be2 Nf6 15. Ne1 Nxe2+ 16. Qxe2 Qxe2 17. Nxe2 Nxe4 18. Nf3 Bf5 19. Ned4 Rac8 20. Rbc1 a6 21. Rfe1 d5 22. cxd5 Rxc1 23. Rxc1 Nd6 24. Nxf5+ gxf5 25. Rc7 Kf6 26. Kf1 Rc8 27. Rxc8 Nxc8 28. Ke2 Nb6 29. d6 e5 30. g4 fxg4 31. hxg4 h6 32. Nh4 Ke6 33. Nf5 Nc4 34. Nxh6 Nxd6 35. Kd3 f6 36. f3 b5 37. Kc3 Ke7 38. Kd3 Kf8 39. g5 f5 40. f4 e4+ 41. Kd4 Kg7 42. Ke3 Nc4+ 43. Kd4 Nd6 44. Ke3 Nc4+ 45. Kd4 Nd6 1/2-1/2

[Event "December 5 Late 2023"]
[Site "https://www.chess.com"]
[Date "2023.12.05"]
[Round "8"]
[White "Bjelobrk, Igor"]
[Black "Brodsky, David"]
[Result "0-1"]
[Board "33"]
[TimeControl "180+1"]
[WhiteFideId "4300726"]
[BlackFideId "2073250"]
[WhiteElo "2586"]
[BlackElo "2785"]
[WhiteTeam "AUS"]
[BlackTeam "USA"]
[WhiteClock "0:00:55"]
[BlackClock "0:00:54"]

1. d4 a6 2. e4 c6 3. Nf3 d5 4. exd5 cxd5 5. Bd3 Nc6 6. c3 Bg4 7. Nbd2 e6 8. h3 Bh5 9. O-O Bd6 10. Re1 Nge7 11. Nf1 Bg6 12. Ne3 O-O 13. Ng4 Qc7 14. Bxg6 Nxg6 15. Qd3 Rae8 16. Nge5 Ncxe5 17. dxe5 Nxe5 18. Nxe5 Bxe5 19. Be3 Bh2+ 20. Kh1 Bf4 21. Rac1 Rd8 22. c4 Bxe3 23. Rxe3 dxc4 24. Rxc4 Qb6 25. Qc2 g6 26. Rb3 Qa5 27. Rxb7 Qe1+ 28. Kh2 Rd2 29. Qc3 Qxf2 30. Qg3 Rxb2 31. Qxf2 Rxf2 32. Ra4 Rc8 33. a3 Rcc2 34. Rg4 h5 35. Rg3 Rc4 36. Kg1 Rf5 37. Rd3 h4 38. Ra7 Rc1+ 39. Kh2 Rff1 40. g4 Rf2# 0-1

[Event "December 5 Late 2023"]
[Site "https://www.chess.com"]
[Date "2023.12.05"]
[Round "8"]
[White "Troff, Kayden"]
[Black "Bold, Andre"]
[Result "1/2-1/2"]
[Board "34"]
[TimeControl "180+1"]
[WhiteFideId "2047896"]
[BlackFideId "16208471"]
[WhiteElo "2783"]
[BlackElo "2511"]
[WhiteTeam "USA"]
[BlackTeam "GER"]
[WhiteClock "0:00:13"]
[BlackClock "0:00:16"]

1. d4 d5 2. Nf3 Nf6 3. Bf4 c5 4. e3 Nc6 5. Nc3 cxd4 6. Nxd4 a6 7. Be2 Nxd4 8. Qxd4 e6 9. O-O Bd6 10. Rfd1 Bxf4 11. Qxf4 Qe7 12. e4 e5 13. Qg5 d4 14. Nd5 Nxd5 15. Qxg7 Qf6 16. Qg3 Nf4 17. Bf1 Qg6 18. c3 dxc3 19. Qxc3 O-O 20. g3 Nh3+ 21. Bxh3 Bxh3 22. Qxe5 Rae8 23. Qd5 Qxe4 24. Qg5+ Qg6 25. Qh4 Qg4 26. Rd4 Qxh4 27. Rxh4 Bf5 28. Rd1 Rd8 29. Rc1 Rc8 30. Rd1 Rfd8 31. Re1 Be6 32. a3 Rd2 33. Rb4 b5 34. a4 bxa4 35. Rxa4 Rcc2 36. Rf4 Rxb2 37. h4 Rb5 38. Ra1 a5 39. Rfa4 Rdd5 40. Rc1 Rdc5 41. Rd1 h5 42. Rd8+ Kg7 43. Ra8 Bb3 44. Rf4 a4 45. g4 hxg4 46. Rxg4+ Kh7 47. Rag8 Rc6 48. h5 Rxh5 49. R4g7+ Kh6 50. Rg3 Rg6 51. Rh8+ Kg7 52. Rxh5 Rxg3+ 53. fxg3 a3 54. Ra5 a2 55. Kf2 Kg6 56. Ke3 Be6 57. Kf4 Bb3 58. Ra6+ Be6 59. g4 Kf6 60. Ra5 Kg6 61. Ra8 Kf6 62. g5+ Kg7 63. Ra5 Bb3 64. Ke5 Bc4 65. Kd6 Bb3 66. Ke7 Kg6 67. Kf8 f5 68. gxf6 Kxf6 69. Ke8 Ke6 70. Kd8 Kd6 71. Kc8 Kc6 72. Ra3 Kc5 73. Kb7 Kb4 74. Rxa2 Bxa2 1/2-1/2

[Event "December 5 Late 2023"]
[Site "https://www.chess.com"]
[Date "2023.12.05"]
[Round "8"]
[White "Petukhov, Dmitry"]
[Black "Urazayev, Arystanbek"]
[Result "0-1"]
[Board "35"]
[TimeControl "180+1"]
[WhiteFideId "4142748"]
[BlackFideId "13709810"]
[WhiteElo "2555"]
[BlackElo "2776"]
[WhiteTeam "RUS"]
[BlackTeam "KAZ"]
[WhiteClock "0:00:18"]
[BlackClock "0:01:22"]

1. e4 c6 2. d4 d5 3. Nd2 dxe4 4. Nxe4 Bf5 5. Ng3 Bg6 6. Nf3 e6 7. h4 h6 8. h5 Bh7 9. Bd3 Bxd3 10. Qxd3 Nd7 11. Bd2 Ngf6 12. O-O-O a5 13. Ne4 a4 14. a3 Nxe4 15. Qxe4 Nf6 16. Qe2 Qd5 17. Kb1 Bd6 18. Ne5 Qe4 19. Be3 Bxe5 20. dxe5 Qxe5 21. g4 Nd5 22. Qf3 Nxe3 23. fxe3 O-O 24. g5 Qxg5 25. Rhg1 Qf5 26. Qg3 Qh7 27. Rd2 Rad8 28. Rdg2 Rd5 29. Qc7 Rg5 30. Qxb7 Rxg2 31. Rxg2 Qe4 32. Rg3 Rd8 33. Qb4 Rd1+ 34. Ka2 Qxc2 0-1

[Event "December 5 Late 2023"]
[Site "https://www.chess.com"]
[Date "2023.12.05"]
[Round "8"]
[White "Wanyama, Harold"]
[Black "Skvortsov, Andrei"]
[Result "1-0"]
[Board "36"]
[TimeControl "180+1"]
[WhiteFideId "10000380"]
[BlackFideId "24108600"]
[WhiteElo "2486"]
[BlackElo "2753"]
[WhiteTeam "UGA"]
[BlackTeam "MNE"]
[WhiteClock "0:00:37"]
[BlackClock "0:00:10"]

1. d4 e6 2. c4 b6 3. Nc3 Bb7 4. e4 Bb4 5. e5 Ne7 6. Nf3 d6 7. Qa4+ Nbc6 8. d5 exd5 9. cxd5 Bxc3+ 10. bxc3 Nxd5 11. Bb5 Qd7 12. Qc4 Nde7 13. exd6 cxd6 14. O-O d5 15. Qh4 O-O 16. Bd3 Ng6 17. Qh5 Qd6 18. Ng5 h6 19. Nxf7 Kxf7 20. Ba3 Qf6 21. Bxf8 Rxf8 22. Qxd5+ Ke7 23. Rae1+ Nge5 24. f4 Rd8 25. Qc4 Qe6 26. fxe5 Nxe5 27. Qc7+ Rd7 28. Qxe5 Qxe5 29. Rxe5+ Kd6 30. Re3 Kc7 31. Rg3 a5 32. Bg6 Re7 33. Rf7 Rxf7 34. Bxf7 g5 35. h4 Kd6 36. hxg5 hxg5 37. Rxg5 Be4 38. Bb3 Bb1 39. Kf2 Kc6 40. Ke3 b5 41. a4 bxa4 42. Bxa4+ Kb6 43. Rb5+ 1-0

[Event "December 5 Late 2023"]
[Site "https://www.chess.com"]
[Date "2023.12.05"]
[Round "8"]
[White "Kosteniuk, Alexandra"]
[Black "Saito, Vinicius"]
[Result "1-0"]
[Board "37"]
[TimeControl "180+1"]
[WhiteFideId "4128125"]
[BlackFideId "2113384"]
[WhiteElo "2741"]
[BlackElo "2446"]
[WhiteTeam "SUI"]
[BlackTeam "BRA"]
[WhiteClock "0:01:54"]
[BlackClock "0:00:14"]

1. e4 c5 2. c3 Nf6 3. e5 Nd5 4. Nf3 Nc6 5. Bc4 e6 6. d4 cxd4 7. cxd4 d6 8. O-O Be7 9. Qe2 O-O 10. Rd1 Qc7 11. a3 Bd7 12. Bxd5 exd5 13. Nc3 Be6 14. Bf4 Qd7 15. h3 a6 16. Rd3 dxe5 17. Nxe5 Nxe5 18. dxe5 Rad8 19. Rad1 Qc6 20. Qd2 Qc4 21. Rd4 Qc6 22. Nxd5 Rxd5 23. Rxd5 Bxd5 24. Qxd5 Qxd5 25. Rxd5 Rd8 26. Rxd8+ Bxd8 27. Kf1 Kf8 28. Ke2 Ke8 29. Kd3 Kd7 30. Ke4 Ke6 31. Be3 f5+ 32. exf6 Bxf6 33. Bd4 h5 34. Bxf6 gxf6 35. g4 hxg4 36. hxg4 Ke7 37. Kd5 Kd7 38. a4 1-0

[Event "December 5 Late 2023"]
[Site "https://www.chess.com"]
[Date "2023.12.05"]
[Round "8"]
[White "Zakarian, David"]
[Black "Vazquez, Facundo"]
[Result "1-0"]
[Board "38"]
[TimeControl "180+1"]
[WhiteFideId "13301276"]
[BlackFideId "3007669"]
[WhiteElo "2418"]
[BlackElo "2716"]
[WhiteTeam "ARM"]
[BlackTeam "URU"]
[WhiteClock "0:00:21"]
[BlackClock "0:00:07"]

1. f4 Nf6 2. Nf3 g6 3. d3 Bg7 4. e4 O-O 5. g3 d5 6. e5 Nfd7 7. Bg2 f6 8. d4 fxe5 9. Nxe5 Nxe5 10. dxe5 e6 11. O-O c5 12. c4 d4 13. Nd2 Nc6 14. Ne4 Qe7 15. b3 Bd7 16. Nf2 Rab8 17. Nd3 Rfd8 18. Ba3 b6 19. Rc1 g5 20. Qh5 Be8 21. Qg4 h5 22. Qe2 g4 23. Rce1 Rbc8 24. Be4 Bf7 25. Qg2 Na5 26. f5 exf5 27. Bxf5 Rb8 28. Bc1 b5 29. cxb5 c4 30. bxc4 Nxc4 31. e6 Be8 32. a4 Ne3 33. Qe4 Nxf1 34. Rxf1 Kh8 35. Bg6 Rd6 36. Nf4 d3 37. Ba3 Rbd8 38. Bxe8 Qxe8 39. e7 R8d7 40. Bxd6 Rxd6 41. Nxd3 Rf6 42. Re1 Rf3 43. Ne5 Rf6 44. Ng6+ Kg8 45. Nf4 Bh6 46. Nxh5 Rd6 47. Qxg4+ Kh7 48. Qf5+ Kg8 49. Nf6+ Rxf6 50. Qxf6 Bg7 51. Qe6+ Kh7 52. Qe4+ Kg8 53. Qd5+ Kh7 54. Qd3+ Kg8 55. Qd8 1-0

[Event "December 5 Late 2023"]
[Site "https://www.chess.com"]
[Date "2023.12.05"]
[Round "8"]
[White "Bolourchifard, Farzad"]
[Black "yaguigor"]
[Result "1-0"]
[Board "39"]
[TimeControl "180+1"]
[WhiteFideId "12510084"]
[WhiteElo "2710"]
[BlackElo "2416"]
[WhiteTeam "IRI"]
[WhiteClock "0:02:02"]
[BlackClock "0:02:02"]

1. d4 d5 2. Nf3 Nf6 3. c4 c6 4. Nc3 e6 5. Bg5 dxc4 6. e3 b5 7. a4 Bb4 8. Be2 a6 9. O-O Bxc3 10. bxc3 O-O 11. e4 h6 12. Bh4 Qc7 13. Bxf6 gxf6 14. e5 Nd7 15. Qd2 Kg7 16. Qf4 fxe5 17. dxe5 f5 18. exf6+ 1-0